 Dungeon Crawl Stone Soup version 0.29.1-14-g9c671dbff4 (webtiles) character file.

Game seed: 12675941380281811618

197 growler the Trooper (level 5, 0/44 HPs)
             Began as a Demonspawn Wanderer on Feb 15, 2023.
             Slain by a gnoll
             ... wielding a +0 flail
              (8 damage)
             ... on level 3 of the Dungeon.
             The game lasted 00:06:12 (3510 turns).

growler the Trooper (Demonspawn Wanderer)           Turns: 3510, Time: 00:06:13

Health: 0/44       AC:  4    Str: 15    XL:     5   Next: 46%
Magic:  8/8        EV: 11    Int: 12    God:
Gold:   228        SH:  0    Dex: 13    Spells: 7/8 levels left

rFire   . . .      SeeInvis .   j - +1 whip (elec)
rCold   . . .      Faith    .   (no shield)
rNeg    . . .      Spirit   .   e - +1 leather armour
rPois   .          Reflect  .   (helmet restricted)
rElec   .          Harm     .   (no cloak)
rCorr   .          Rampage  .   (no gloves)
Will    .....                   (no boots)
Stlth   +.........              (no amulet)
HPRegen 0.14/turn               (no ring)
MPRegen 0.11/turn               (no ring)

@: no status effects
A: antennae 1, ignite blood 1
a: no special abilities


You were on level 3 of the Dungeon.
You visited 1 branch of the dungeon, and saw 4 of its levels.

You collected 228 gold pieces.

Inventory:

Hand Weapons
 a - a +2 quarterstaff
 c - a +0 dagger
 j - a +1 whip of electrocution (weapon)
Missiles
 b - 16 poisoned darts (quivered)
Armour
 e - a +1 leather armour (worn)
Jewellery
 g - a ring of see invisible
 i - a +6 ring of strength
 l - an amulet of magic regeneration
Scrolls
 k - a scroll of identify
 q - a scroll of teleportation {unknown}
Potions
 d - 2 potions of lignification
 f - a potion of brilliance
 h - 2 potions of might {unknown}
 m - 3 potions of curing
 n - a potion of heal wounds {unknown}
 o - a potion of attraction {unknown}
 p - a potion of haste {unknown}


   Skills:
 + Level 5.3 Fighting
 - Level 2.6 Staves
 - Level 1.0 Throwing
 - Level 2.0 Spellcasting
 - Level 2.6 Ice Magic
 - Level 1.2 Invocations


You had 7 spell levels left.
You knew the following spells:

 Your Spells              Type           Power      Damage    Failure   Level
a - Freeze                Ice            28%        1d5       11%         1

Your spell library contained the following spells:

 Spells                   Type           Power      Damage    Failure   Level
 Beastly Appendage        Tmut           2%         N/A       32%         1
 Slow                     Hex            4%         N/A       32%         1
 Frozen Ramparts          Ice            14%        1d3       32%         3
 Passwall                 Tmut/Erth      0%         N/A       45%         2
 Wereblood                Tmut           1%         N/A       45%         2
 Confusing Touch          Hex            1%         N/A       69%         3
 Spider Form              Tmut/Pois      1%         N/A       69%         3
 Stone Arrow              Conj/Erth      2%         3d7       69%         3
 Vampiric Draining        Necr           1%         2d6       69%         3
 Shatter                  Erth           0%         3d5*      100%        9


Dungeon Overview and Level Annotations

Branches:
Dungeon (4/15)
 Temple: D:4-7

Altars:

Shops:
D:2 :[?![


Innate Abilities, Weirdness & Mutations

You have a pair of small antennae on your head.
Your demonic aura sometimes causes spilled blood to erupt in flames.


Message History

The gnoll is severely wounded.
The gnoll hits you but does no damage.
You barely miss the gnoll.
The gnoll is severely wounded.
The gnoll hits you with a +0 club.
You barely miss the gnoll.
The gnoll is severely wounded.
The gnoll misses you. The gnoll barely misses you.
The gnoll hits you with a +0 club.
There is an open door here.
You hit the gnoll.
The gnoll is moderately wounded.
The gnoll hits you with a +0 flail!
The gnoll is engulfed in blazing flames.
The gnoll misses you. The gnoll closely misses you.
A kobold brigand comes into view.
It is wielding a +0 dagger and quivering poisoned darts.
The kobold brigand shouts!
You hit the gnoll but do no damage.
The gnoll is severely wounded.
The gnoll hits you with a +0 flail.
The gnoll is engulfed in blazing flames.
You kill the gnoll!
The gnoll hits you with a +0 club.
You hit the gnoll.
The gnoll is almost dead.
The gnoll hits you with a +0 flail. The gnoll hits you with a +0 club.
* * * LOW HITPOINT WARNING * * *
An orc comes into view. It is wielding a +0 club.
Unknown command.
The orc shouts!
You hit the gnoll. Lightning courses through the gnoll!
You kill the gnoll!
The gnoll closely misses you.
An orc comes into view. It is wielding a +0 flail.
A gnoll comes into view. It is wielding a +0 whip.
You see here a +0 club.
The gnoll attacks as you move away! The gnoll hits you with a +0 flail.
* * * LOW HITPOINT WARNING * * *
The gnoll attacks as you move away! The gnoll hits you with a +0 flail!
You die...

## / . ########.
#........ g.......#
oo.K....# #....{.)#
'##################K#
.......'....'..@go).#{
......)#....#.......#
.......#....#......(#
#########''''#########
.................
~~~~~≈~~~....~~~~
~≈≈≈≈≈≈≈~....~≈≈≈
~)≈~~~~~~....~≈~~
..)..............


You could see a kobold brigand, a gnoll and an orc.

Vanquished Creatures
  An orc wizard (D:4)
  7 gnolls (D:3)
  2 adders
  5 orcs
  4 bats
  7 endoplasms
  2 giant cockroaches
  7 goblins
  8 hobgoblins
  12 jackals
  A quokka (D:4)
  6 ball pythons
  2 frilled lizards
  6 kobolds
  4 rats
74 creatures vanquished.

Vanquished Creatures (others)
  A plant (D:3)
1 creature vanquished.

Grand Total: 75 creatures vanquished

Notes
Turn   | Place    | Note
-------+----------+-------------------------------------------
     0 | D:1      | growler the Demonspawn Wanderer began the quest for the
                  | Orb.
     0 | D:1      | growler set off with the following items: a +2
                  | quarterstaff, 9 poisoned darts, a +0 dagger, a potion of
                  | lignification, a +0 leather armour; and the following spell
                  | memorised: Freeze; and the following spells available to
                  | memorise: Frozen Ramparts.
     0 | D:1      | Reached XP level 1. HP: 13/13 MP: 3/3
    64 | D:1      | Reached skill level 1 in Fighting
   310 | D:1      | Gained mutation: You have a pair of small antennae on your
                  | head. [demonic ancestry]
   310 | D:1      | Reached XP level 2. HP: 22/22 MP: 5/5
   498 | D:1      | Reached skill level 2 in Fighting
   842 | D:1      | Got the Grimoire of the Quarry
  1237 | D:2      | Found Nuggaschiage's Book Boutique.
  1246 | D:2      | Reached XP level 3. HP: 14/28 MP: 6/6
  1598 | D:2      | Found Lomnus's Magic Scroll Emporium.
  1603 | D:2      | Reached skill level 3 in Fighting
  1725 | D:2      | Found Arhyt's Armour Boutique.
  1812 | D:2      | Found Jasiodan's Distillery.
  1820 | D:2      | Found Petot's Antique Armour Shoppe.
  1873 | D:2      | You fall into a shaft and drop 2 floors!
  2199 | D:4      | Gained mutation: Your demonic aura sometimes causes spilled
                  | blood to erupt in flames. [demonic ancestry]
  2199 | D:4      | Reached XP level 4. HP: 37/37 MP: 7/7
  2329 | D:4      | Reached skill level 4 in Fighting
  3265 | D:3      | Reached XP level 5. HP: 24/43 MP: 8/8
  3313 | D:3      | Reached skill level 5 in Fighting
  3510 | D:3      | Slain by a gnoll

Illustrated notes

Levels and vault maps discovered:
D:1:      erik_arrival_cave_to_civilisation [erik_arrival_cave_to_hall],
          layout_basic, nicolae_figureground_sparkle
D:2:      layout_loops_cross, serial_shops, shop, shop, nicolae_shop_waterfront,
          nicolae_diamond_shop, shop, kennysheep_cluttered_room
D:3:      lemuel_castle_with_subvaults [lemuel_castle_interior_carwin_3],
          layout_basic, mainiacjoe_overflow_surrounded_room,
          kennysheep_cross_bottleneck, dk_vineyard_1
D:4:      layout_rooms, marbit_many_paths, uniq_duvessa

Skill      XL: |  1  2  3  4  5 |
---------------+----------------+-----
Fighting       | 1 2 3 4 5 |  5.3
Staves         | |  2.6
Throwing       | |  1.0
Spellcasting   | |  2.0
Ice Magic      | |  2.6
Invocations    | |  1.2

Action                   |  1- 3 |  4- 6 || total
-------------------------+-------+-------++-------
Melee: Quarterstaff      |    19 |       ||    19
       Whip              |    89 |   129 ||   218
       Punch             |     1 |       ||     1
  Use: Scroll            |     4 |       ||     4
       Potion            |     2 |       ||     2
 Stab: Sleeping          |     1 |       ||     1
Armor: Leather armour    |    37 |    37 ||    74
       Skin              |     9 |       ||     9
Dodge: Dodged            |    65 |    82 ||   147
